 Dungeon Crawl Stone Soup version 0.31-a0-1-g4198be8af4 (webtiles) character file.

Game seed: 2468134355762071697

177 BubbleThief the Cudgeller (level 5, 0/51 HPs)
             Began as a Naga Cinder Acolyte on May 1, 2023.
             Was a High Priest of Ignis.
             Slain by a black bear (8 damage)
             ... on level 4 of the Dungeon.
             The game lasted 00:04:41 (2646 turns).

BubbleThief the Cudgeller (Naga Cinder Acolyte)     Turns: 2646, Time: 00:04:42

Health: 0/51       AC: 11    Str: 19    XL:     5   Next: 57%
Magic:  1/8        EV:  8    Int: 14    God:    Ignis [*****.]
Gold:   93         SH:  0    Dex:  6    Spells: 6/8 levels left

rFire   + . .        a - -1 mace (flame)
rCold   . . .        (no shield)
rNeg    . . .        t - +2 ring mail {Will+}
rPois   +            r - +0 helmet
rElec   .            (no cloak)
rCorr   .            (no gloves)
SInv    +            (no barding)
Will    +....        (no amulet) Stlth
                     e - +4 ring of protection
HPRegen 0.28/turn    (no ring)
MPRegen 0.11/turn

%: no passive effects
@: short of breath, very slow
A: AC +1, large, see invisible, deformed body, poison resistance, slowness 2,
spit poison 1, naga tail 1
a: Spit Poison, Renounce Religion, Fiery Armour, Foxfire Swarm, Rising Flame


You were on level 4 of the Dungeon.
You worshipped Ignis.
Ignis was extremely pleased with you.
You visited 1 branch of the dungeon, and saw 4 of its levels.

You collected 93 gold pieces.

Inventory:

Hand Weapons
 a - a -1 mace of flaming (weapon)
Armour
 q - a +1 animal skin
 r - a +0 helmet (worn)
 t - a +2 ring mail of willpower (worn)
Jewellery
 e - a +4 ring of protection (left hand)
Wands
 b - a wand of flame (7)
Scrolls
 g - a scroll of fear {unknown}
 i - a scroll of vulnerability {unknown}
 j - a scroll of brand weapon {unknown}
 k - a scroll of teleportation {unknown}
 l - 2 scrolls of immolation {unknown}
 m - a scroll of blinking {unknown}
 o - 3 scrolls of identify {unknown}
 p - a scroll of poison {unknown}
Potions
 c - a potion of attraction {unknown}
 d - a potion of heal wounds {unknown}
 f - a potion of cancellation {unknown}
 h - 3 potions of curing {unknown}
 n - a potion of lignification {unknown}
 s - a potion of haste {unknown}


   Skills:
 + Level 4.4 Fighting
 + Level 4.4 Maces & Flails
 - Level 2.2 Spellcasting
 - Level 3.0 Fire Magic


You had 6 spell levels left.
You knew the following spells:

 Your Spells              Type           Power      Damage    Failure   Level
a - Scorch                Fire           18%        2d6       19%         2

Your spell library contained the following spells:

 Spells                   Type           Power      Damage    Failure   Level
 Sublimation of Blood     Necr           1%         N/A       52%         2
 Passage of Golubria      Tloc           1%         N/A       99%         4
 Petrify                  Tmut/Erth      1%         N/A       99%         4
 Irradiate                Conj/Tmut      0%         3d11      100%        5
 Silence                  Hex/Air        0%         N/A       100%        5
 Malign Gateway           Summ/Tloc      0%         N/A       100%        7
 Lehudib's Crystal Spear  Conj/Erth      0%         10d2      100%        8
 Summon Horrible Things   Summ           0%         N/A       100%        8


Dungeon Overview and Level Annotations

Branches:
Dungeon (4/15)
 Temple: D:4-7

Altars:


Innate Abilities, Weirdness & Mutations

Your serpentine skin is tough. (AC +1)
You have supernaturally acute eyesight. (SInv)
Armour fits poorly on your strangely shaped body.
Your system is resistant to poisons. (rPois)
You cover ground very slowly.
You can spit poison.
You have a snake-like lower body.


Message History

Unknown command.
You hit the black bear. You burn the black bear.
The black bear is severely wounded.
The black bear goes berserk!
You hit the black bear. You burn the black bear.
The black bear is almost dead.
The black bear bites you but does no damage.
The black bear barely misses you. x2
The black bear bites you but does no damage.
The black bear barely misses you. The black bear claws you.
You hit the black bear. You burn the black bear.
The black bear is almost dead.
The black bear bites you but does no damage.
The black bear claws you.
The black bear claws you but does no damage.
The black bear bites you.
The black bear claws you but does no damage. x2
You barely miss the black bear.
The black bear is almost dead.
You have got your breath back.
The black bear looks more healthy.
The black bear closely misses you. The black bear claws you.
The black bear claws you but does no damage.
The black bear bites you but does no damage.
The black bear claws you but does no damage. x2
Aiming: Spit Poison (1% risk of failure)
Press: ? - help, Shift-Dir - straight line, f/p - black bear
Aim: a black bear (almost dead, berserk, more vulnerable to fire, 70% to hit)
The splash of poison hits the black bear but does no damage.
The black bear is poisoned.
The black bear is almost dead.
The black bear bites you!
* * * LOW HITPOINT WARNING * * *
The black bear barely misses you. The black bear claws you.
* * * LOW HITPOINT WARNING * * *
You hit the black bear but do no damage.
The black bear is almost dead.
The black bear is no longer more vulnerable to fire.
The black bear bites you!
You die...

..#... #.....# #.
..#...#......###..
......##.......$.
#............ ..##.
##..........# ......
#... #.....##)..... .
##..# #.....#h).....
#.##...####.....@#
#............#...#
.....<.....####........
.......#...# ##.......
...........# ........
.......................
..................#.##.
#................##.#
##.#.........##.## .


You could see a black bear (berserk, poisoned).

Vanquished Creatures
  An orc wizard (D:4)
  Robin (D:3)
  4 adders
  A worm (D:2)
  4 dart slugs
  4 orcs (D:4)
  5 ball pythons
  6 endoplasms
  3 giant cockroaches
  16 goblins
  11 hobgoblins
  6 jackals (D:2)
  3 quokkas
  2 bats
  2 frilled lizards
  6 kobolds
  10 rats
85 creatures vanquished.

Notes
Turn   | Place    | Note
-------+----------+-------------------------------------------
     0 | D:1      | BubbleThief the Naga Cinder Acolyte began the quest for the
                  | Orb.
     0 | D:1      | Reached XP level 1. HP: 21/21 MP: 2/2
   111 | D:1      | Reached XP level 2. HP: 28/28 MP: 3/3
   134 | D:1      | Learned a level 2 spell: Scorch
   519 | D:1      | Reached XP level 3. HP: 28/34 MP: 5/5
   591 | D:1      | Found a faded altar of an unknown god.
  1210 | D:2      | Reached XP level 4. HP: 44/44 MP: 1/7
  1718 | D:3      | Noticed Robin
  2076 | D:3      | Reached XP level 5. HP: 50/50 MP: 1/8
  2086 | D:3      | Killed Robin
  2616 | D:4      | Noticed a black bear
  2646 | D:4      | Slain by a black bear

Illustrated notes

Levels and vault maps discovered:
D:1:      roderic_chinese_lattice_arrival, layout_basic,
          shapermc_ecumenical_altar_petra, chequers_serial_rivers_room_a,
          skrybe_limestone_x
D:2:      minmay_alternating_diamond, layout_basic, minmay_puff
D:3:      layout_loops_cross, uniq_robin
D:4:      layout_cave_pools, nicolae_qazlal_eye_of_the_storm

Skill      XL: |  1  2  3  4 |
---------------+-------------+-----
Spellcasting   | 2 |  2.2
Fighting       | 4 |  4.4
Maces & Flails | 4 |  4.4
Fire Magic     | |  3.0

Action                     |  1- 3 |  4- 6 || total
---------------------------+-------+-------++-------
  Melee: Mace              |    72 |    51 ||   123
   Cast: Scorch            |     6 |    19 ||    25
 Invoke: Fiery Armour      |       |     1 ||     1
Ability: Spit Poison       |    36 |    22 ||    58
 Armour: Robe              |    32 |    24 ||    56
         Ring mail         |       |    26 ||    26
         Animal skin       |       |     2 ||     2
  Dodge: Dodged            |    52 |    30 ||    82

Table legend: (Time is in decaauts)
 A = Elapsed time spent in this place.
 B = Non-inter-level travel time spent in this place.
 C = Inter-level travel time spent in this place.
 D = Time resting spent in this place.
 E = Time spent auto-exploring this place.
 F = Levels seen in this place.
 G = Mean time per level.
                   A        B        C        D        E       F      G
               +--------+--------+--------+--------+--------+-----+--------+
         Total |   3411 |   3231 |    180 |      0 |   2675 |   4 |  852.8 |
       Dungeon |   3411 |   3231 |    180 |      0 |   2675 |   4 |  852.8 |
               +--------+--------+--------+--------+--------+-----+--------+

Top non-repeatable levels by time:
     D:2: 1222 daAuts
     D:1: 1124 daAuts
     D:3: 1014 daAuts
     D:4: 50 daAuts
